 Dungeon Crawl Stone Soup version 0.19.0-1-g5985abe (webtiles) character file.

289 tyranidshit the Skirmisher (level 6, 53/53 HPs)
             Began as a Demonspawn Abyssal Knight on Nov 2, 2016.
             Was a Believer of Lugonu.
             Quit the game on level 3 of the Dungeon.
             The game lasted 00:05:06 (1728 turns).

tyranidshit the Skirmisher (DsAK)                   Turns: 1728, Time: 00:05:07

Health: 53/53      AC:  3    Str: 16    XL:     6   Next: 9%
Magic:  7/7        EV:  7    Int: 14    God:    Lugonu [**....]
Gold:   185        SH:  5    Dex: 14    Spells: 0 memorised, 5 levels left

rFire  + . .     SeeInvis .     e - +8 hunting sling "Buygh" {velocity, rF+ Str+2}
rCold  . . .     Gourm    .     p - +0 ring mail
rNeg   . . .     Faith    .     m - -2 shield (curse)
rPois  .         Spirit   .     (no helmet)
rElec  .         Reflect  .     (no cloak)
rCorr  .         Harm     .     (no gloves)
MR     .....                    (no boots)
Stlth  +++.......               (no amulet)
                                r - -2 ring of protection (curse)
                                l - ring of flight

@: no status effects
A: claws 1, hooves 1, agile 1, nightstalker 2, powered by pain 1, screaming 1
a: Depart the Abyss, Bend Space, Renounce Religion, Evoke Flight


You were on level 3 of the Dungeon.
You worshipped Lugonu.
Lugonu was pleased with you.
You were not hungry.

You visited 1 branch of the dungeon, and saw 3 of its levels.
You visited the Abyss 1 time.

You collected 185 gold pieces.

Inventory:

Hand Weapons
 a - a +2 hand axe
 e - the +8 hunting sling "Buygh" (weapon) {velocity, rF+ Str+2}
   (You found it on level 2 of the Abyss)

   Any stone fired from it inflicts extra damage.
   It affects your strength (+2).
   It protects you from fire.
 s - a +0 battleaxe
Missiles
 f - 70 stones (quivered)
Armour
 b - a +0 leather armour
 m - a cursed -2 shield (worn)
 p - a +0 ring mail (worn)
Jewellery
 l - a ring of flight (left claw)
 r - a cursed -2 ring of protection (right claw)
Scrolls
 c - a scroll of remove curse
 h - 4 scrolls of enchant weapon
 k - 2 scrolls of identify
 o - a scroll of magic mapping
Potions
 i - a potion of curing
 j - a potion of heal wounds
 q - 2 potions of invisibility
Comestibles
 d - a royal jelly
 g - a beef jerky
 n - 3 fruits
 t - a bread ration


   Skills:
 + Level 6.9 Fighting
 - Level 1.7 Axes
 - Level 1.7 Armour
 - Level 0.8 Dodging
 - Level 2.4 Invocations


You had 5 spell levels left.
You didn't know any spells.

Dungeon Overview and Level Annotations

Branches:
Dungeon (3/15)

Altars:
Ashenzari


Innate Abilities, Weirdness & Mutations

You have sharp fingernails.
You are significantly more attuned to the shadows.
You sometimes gain a little power by taking damage.
You have large cloven feet.
You are agile. (Dex +2)
You occasionally shout uncontrollably at your foes.


Message History

You now have 185 gold pieces (gained 19).
A dart slug comes into view.
A dart slug is nearby!
Firing (i - inventory):
f - 73 stones (quivered)
Press: ? - help, Shift-Dir - straight line, f - dart slug
Aim: a dart slug You shoot a stone.
The stone hits the dart slug.
The dart slug is heavily wounded.
Firing (i - inventory):
f - 72 stones (quivered)
Press: ? - help, Shift-Dir - straight line, f/p - dart slug
Aim: a dart slug (heavily wounded, clinging)
You shoot a stone.
The stone hits the dart slug but does no damage.
The dart slug is heavily wounded.
Firing (i - inventory):
f - 71 stones (quivered)
Press: ? - help, Shift-Dir - straight line, f/p - dart slug
Aim: a dart slug (heavily wounded, clinging)
You shoot a stone. The stone hits the dart slug.
The dart slug is almost dead.
Are you sure you want to abandon this character and quit the game? (Confirm with "yes".)

#..... # # .(...
#..# ..#$#(..
#..#.. #...#.. ##
#..... #....w# ...
#.##.#
.#.###@####.#
####.##.#
............#
#....##.#
#.#......#.
#.#<..... #.#....#
#...###.#
#.#....#####.###
#.. #.#..........#
### #.#.#......####
####+#.#...........
#...........#......


You could see a dart slug.

Vanquished Creatures
  Sigmund (D:2)
  A crimson imp (D:3)
  The ghost of Arianot the Caller, a weakling FeSu (D:3)
  3 adders
  2 worms (D:2)
  2 dart slugs
  3 leopard geckos (D:1)
  An orc (D:3)
  6 bats
  4 giant cockroaches
  8 goblins
  3 hobgoblins
  7 kobolds
  A ball python (D:1)
  3 frilled lizards
  6 rats
52 creatures vanquished.

Notes
Turn   | Place    | Note
-------+----------+-------------------------------------------
     0 | Abyss:1  | tyranidshit the Demonspawn Abyssal Knight began the quest for the Orb.
     0 | Abyss:1  | Reached XP level 1. HP: 18/18 MP: 2/2
    47 | Abyss:1  | Found a corrupted altar of Lugonu.
    91 | Abyss:2  | Got a jewelled hunting sling
    98 | Abyss:2  | Identified the +8 hunting sling "Buygh" {velocity, rF+ Str+2} (You found it on level 2 of the Abyss)
   109 | Abyss:2  | Found a runed door.
   111 | Abyss:2  | Noticed a smoke demon
   113 | Abyss:2  | Noticed a smoke demon
   114 | D:1      | Escaped the Abyss
   241 | D:1      | Gained mutation: You sometimes gain a little power by taking damage. [demonic ancestry]
   241 | D:1      | Reached XP level 2. HP: 24/24 MP: 3/3
   296 | D:1      | Reached * piety under Lugonu
   334 | D:1      | Reached skill level 4 in Fighting
   609 | D:1      | Gained mutation: You are slightly more attuned to the shadows. [demonic ancestry]
   609 | D:1      | Reached XP level 3. HP: 30/30 MP: 4/4
  1065 | D:2      | Noticed Sigmund
  1069 | D:2      | Killed Sigmund
  1069 | D:2      | Reached skill level 6 in Fighting
  1069 | D:2      | Gained mutation: You are significantly more attuned to the shadows. [demonic ancestry]
  1069 | D:2      | Reached XP level 4. HP: 40/40 MP: 5/5
  1069 | D:2      | Reached XP level 5. HP: 46/46 MP: 6/6
  1278 | D:2      | Gained mutation: You have large cloven feet. [potion of mutation]
  1278 | D:2      | Gained mutation: You occasionally shout uncontrollably at your foes. [potion of mutation]
  1278 | D:2      | Gained mutation: You are agile. (Dex +2) [potion of mutation]
  1301 | D:2      | Found a shattered altar of Ashenzari.
  1665 | D:3      | Reached ** piety under Lugonu
  1690 | D:3      | Noticed Arianot's ghost (weakling FeSu)
  1692 | D:3      | Killed Arianot's ghost
  1692 | D:3      | Gained mutation: You have sharp fingernails. [demonic ancestry]
  1692 | D:3      | Reached XP level 6. HP: 53/53 MP: 7/7
  1728 | D:3      | Quit the game

Skill      XL: |  1  2  3 |
---------------+----------+-----
Fighting       | 4 6 |  6.9
Axes           | |  1.7
Armour         | |  1.7
Dodging        | |  0.8
Invocations    | |  2.4

Action                   |  1- 3 |  4- 6 || total
-------------------------+-------+-------++-------
 Fire: Hunting sling     |    56 |    32 ||    88
Invok: Depart the Abyss  |     1 |       ||     1
  Use: Potion            |     6 |     1 ||     7
       Scroll            |     3 |     3 ||     6
  Eat: Bread ration      |       |     1 ||     1
Armor: Leather armour    |     8 |       ||     8
Dodge: Dodged            |    15 |     1 ||    16
Block: Shield            |       |     1 ||     1
